 Dungeon Crawl Stone Soup version 0.30-a0-737-gf23d94013f (webtiles) character file.

Game seed: 6286639186307157615

5985 brightshaft the Carver (level 10, -7/88 HPs)
             Began as a Pale Draconian Gladiator on Feb 2, 2023.
             Was an Initiate of Qazlal.
             Killed from afar by an acid dragon (22 damage)
             ... with a splash of acid
             ... on level 8 of the Dungeon.
             The game lasted 00:20:07 (6888 turns).

brightshaft the Carver (Pale Draconian Gladiator)   Turns: 6888, Time: 00:20:07

Health: -7/88      AC:  0    Str: 16    XL:     10   Next: 55%
Magic:  10/10      EV: 21    Int:  8    God:    Qazlal [......]
Gold:   460        SH:  5    Dex: 18    Spells: 9/9 levels left

rFire   . . .      SeeInvis .    a - +0 scimitar
rCold   . . .      Faith    .    (no shield)
rNeg    . . .      Spirit   .    (body armour unavailable)
rPois   .          Reflect  +    b - +0 hat
rElec   .          Harm     .    (no cloak)
rCorr   .          Rampage  .    (no gloves)
Will    .....                    u - +0 pair of boots
Stlth   ++                       A - amulet of reflection
HPRegen 0.34/turn                o - +4 ring of slaying
MPRegen 0.12/turn                l - +5 ring of evasion

@: short of breath, corroded, studying Short Blades
A: breathe steam, AC +7, unfitting armour, cold-blooded, steam resistance
a: Breathe Steam, Renounce Religion


You were on level 8 of the Dungeon.
You worshipped Qazlal.
Qazlal was noncommittal.
You visited 2 branches of the dungeon, and saw 9 of its levels.

You collected 460 gold pieces.

Inventory:

Hand Weapons
 a - a +0 scimitar (weapon)
 r - a +0 rapier
 B - a +1 short sword of flaming
 I - a +3 short sword
 L - the +5 Force Lance {heavy, knockback}
   (You found it on level 8 of the Dungeon)
 M - a +6 dagger
Missiles
 c - 2 throwing nets (quivered)
 d - a javelin
 p - 5 poisoned darts
 D - 3 datura-tipped darts
Armour
 b - a +0 hat (worn)
 u - a +0 pair of boots (worn)
Jewellery
 e - an amulet of magic regeneration
 i - a ring of magical power
 l - a +5 ring of evasion (right hand)
 n - an amulet of guardian spirit
 o - a +4 ring of slaying (left hand)
 v - a +4 ring of protection
 A - an amulet of reflection (around neck)
 F - a ring of poison resistance
 J - a +5 ring of evasion
Wands
 x - a wand of roots (20)
 y - a wand of flame (10) {@v2}
 z - a wand of mindburst (16) {@v3}
 K - a wand of polymorph (10)
Scrolls
 m - 4 scrolls of teleportation {@r4}
 w - 2 scrolls of enchant armour {unknown}
 H - a scroll of butterflies
Potions
 f - a potion of might {unknown}
 g - a potion of cancellation {unknown}
 h - 3 potions of mutation
 j - a potion of resistance {unknown}
 k - 2 potions of magic
 q - 2 potions of flight
 s - 2 potions of curing {@q1}
 t - 2 potions of lignification
 C - 3 potions of berserk rage {unknown}
 E - 2 potions of heal wounds {unknown}
 G - a potion of brilliance {unknown}


   Skills:
 + Level 7.6 Fighting
 * Level 13.1 Long Blades
 - Level 1.7 Throwing
 + Level 6.7 Dodging


You had 9 spell levels left.
You didn't know any spells.
Your spell library contained the following spells:

 Spells                   Type           Power      Damage    Failure   Level
 Kiss of Death            Conj/Necr      0%         2d5       41%         1
 Confusing Touch          Hex            0%         N/A       78%         3
 Gell's Gravitas          Tloc           0%         N/A       78%         3
 Teleport Other           Tloc           0%         N/A       78%         3
 Vhi's Electric Charge    Tloc/Air       0%         N/A       78%         3
 Dispel Undead            Necr           0%         3d6       99%         4
 Arcjolt                  Conj/Air       0%         1d10      100%        5
 Dispersal                Tloc           0%         N/A       100%        6
 Maxwell's Capacitive Co  Air            0%         ∞         100%        8


Dungeon Overview and Level Annotations

Branches:
Dungeon (8/15)             Temple (1/1) D:7
   Lair: D:8-11

Altars:
Ashenzari
Dithmenos
Elyvilon
Fedhas
Gozag
Hepliaklqana
Kikubaaqudgha
Nemelex Xobeh
Okawaru
Qazlal
Ru
Sif Muna
Trog
Uskayaw
Vehumet
Wu Jian
Xom
Yredelemnul
Zin
The Shining One

Shops:
D:1 (   D:5 *   D:6 ?


Innate Abilities, Weirdness & Mutations

You can breathe blasts of scalding, opaque steam.
Your pale cyan-grey scales are hard. (AC +7)
You cannot fit into any form of body armour.
You are cold-blooded and may be slowed by cold attacks.
You are immune to the effects of steam.


Message History

Found a potion of flight.
Found 25 gold pieces.
An acid dragon comes into view.
Found four items.
The acid dragon roars!
The acid dragon spits acid at you. The splash of acid hits you!!
The acid corrodes you! The acid dragon spits acid at you.
The splash of acid hits you!! The acid corrodes you!
You see here 17 gold pieces.
You hit the acid dragon.
The acid dragon is lightly wounded.
The acid dragon closely misses you. The acid dragon completely misses you.
You closely miss the acid dragon. You tail-slap the acid dragon.
The acid dragon is lightly wounded.
The acid dragon spits acid at you. The splash of acid hits you!!
* * * LOW HITPOINT WARNING * * *
The acid corrodes you!
You hit the acid dragon but do no damage.
You tail-slap the acid dragon, but do no damage.
The acid dragon is lightly wounded.
You feel better. The acid dragon closely misses you. The acid dragon claws you.
* * * LOW HITPOINT WARNING * * *
You feel better. The acid dragon completely misses you.
The acid dragon misses you.
You hit the acid dragon.
You tail-slap the acid dragon, but do no damage.
The acid dragon is moderately wounded.
The acid dragon barely misses you. The acid dragon claws you.
* * * LOW HITPOINT WARNING * * *
Aiming: Breathe Steam (1% risk of failure)
Press: ? - help, Shift-Dir - straight line, f - acid dragon
Aim: an acid dragon (moderately wounded, 74% to hit)
You exhale a blast of scalding steam.
The ball of steam hits the acid dragon!
The acid dragon is heavily wounded.
The acid dragon is engulfed in a cloud of scalding steam.
The acid dragon spits acid at you. The splash of acid hits you!!
You die...

#...#... #.#
#...#...#
#.#
#.#.#.#.#
...#.#...#
#####.#####
#.......##
#...###...#
#..##$....#
#.##?§D@#!#
#.#$$..$#...
#
#$!$.##.#.#
#$)$$#
..#..# #$$##
..# ... ###
.## #... ##
###


You could see an acid dragon (catching breath).

Vanquished Creatures
  A two-headed ogre (D:8)
  Pikel (D:6)
  A troll (D:5)
  Sigmund (D:2)
  4 steam dragons
  3 vampire mosquitoes (D:7)
  4 water moccasins
  2 orc warriors (D:7)
  6 sky beasts
  An ice beast (D:5)
  A black bear (D:5)
  3 centaurs
  A lemure (D:6)
  A bullfrog (D:6)
  A kobold brigand (D:5)
  A gnoll sergeant (D:8)
  3 scorpions
  7 wights
  2 necrophages (D:5)
  5 killer bees (D:7)
  3 hounds
  A jelly (D:6)
  8 orc priests
  5 iguanas
  13 orc wizards
  3 gnolls (D:7)
  11 adders
  A worm (D:2)
  3 dart slugs
  33 orcs
  5 bats
  11 endoplasms
  3 giant cockroaches
  9 goblins
  10 hobgoblins
  6 jackals
  4 quokkas
  5 ball pythons
  A frilled lizard (D:1)
  14 kobolds
  6 rats
204 creatures vanquished.

Vanquished Creatures (others)
  A human (D:3)
  A white imp (D:7)
2 creatures vanquished.

Grand Total: 206 creatures vanquished

Notes
Turn   | Place    | Note
-------+----------+-------------------------------------------
     0 | D:1      | brightshaft the Draconian Gladiator began the quest for the
                  | Orb.
     0 | D:1      | Reached XP level 1. HP: 17/17 MP: 1/1
    84 | D:1      | Reached XP level 2. HP: 21/24 MP: 2/2
   238 | D:1      | Found Deunwino's Weapon Shop.
   267 | D:1      | Reached skill level 4 in Long Blades
   511 | D:1      | Reached XP level 3. HP: 29/29 MP: 3/3
  1084 | D:2      | Reached XP level 4. HP: 36/36 MP: 4/4
  1105 | D:2      | Reached skill level 5 in Long Blades
  1604 | D:2      | Noticed Sigmund
  1622 | D:2      | Killed Sigmund
  1623 | D:2      | Reached skill level 6 in Long Blades
  1623 | D:2      | Reached XP level 5. HP: 34/41 MP: 3/5
  1623 | D:2      | Reached XP level 6. HP: 40/48 MP: 3/6
  1853 | D:3      | Reached skill level 7 in Long Blades
  2172 | D:3      | Found an ancient bone altar of Kikubaaqudgha.
  2173 | D:3      | Noticed a human
  2176 | D:3      | Killed a human
  2558 | D:4      | Identified the +5 ring mail of Lilacs {rElec Stlth+}
  2581 | D:4      | Reached skill level 8 in Long Blades
  2581 | D:4      | Your scales start taking on a pale cyan-grey colour.
  2581 | D:4      | Reached XP level 7. HP: 55/55 MP: 7/7
  2581 | D:4      | Gained mutation: You are immune to the effects of steam.
                  | [Pale Draconian growth]
  2601 | D:4      | Found a shadowy altar of Dithmenos.
  2868 | D:5      | Entered Level 5 of the Dungeon
  3087 | D:5      | Reached skill level 9 in Long Blades
  3331 | D:5      | Identified the +4 falchion of Poverty {freeze, rF+ Will+
                  | Dex-2}
  3385 | D:5      | Reached XP level 8. HP: 60/62 MP: 8/8
  3641 | D:5      | Reached skill level 10 in Long Blades
  3721 | D:5      | Found Waes's General Store.
  3783 | D:5      | Noticed a troll
  3788 | D:5      | Killed a troll
  3937 | D:6      | Noticed Pikel
  3947 | D:6      | Killed Pikel
  3948 | D:6      | Reached XP level 9. HP: 42/73 MP: 4/9
  4061 | D:6      | Reached skill level 5 in Fighting
  4061 | D:6      | Reached skill level 11 in Long Blades
  4208 | D:6      | Found Mameob's Magic Scroll Shoppe.
  4612 | D:6      | Reached skill level 5 in Dodging
  5412 | D:7      | Reached skill level 12 in Long Blades
  5512 | D:7      | Reached XP level 10. HP: 46/84 MP: 10/10
  5679 | D:7      | Found a staircase to the Ecumenical Temple.
  5700 | Temple   | Entered the Ecumenical Temple
  5988 | Temple   | Became a worshipper of Qazlal Stormbringer
  6682 | D:8      | Found the +5 Force Lance {heavy, knockback}
  6788 | D:8      | Noticed a two-headed ogre
  6795 | D:8      | Killed a two-headed ogre
  6796 | D:8      | Reached skill level 13 in Long Blades
  6883 | D:8      | HP: 1/88 [acid dragon/splash of acid (30)]
  6888 | D:8      | Killed from afar by an acid dragon

Illustrated notes

Levels and vault maps discovered:
D:1:      onia_arrival_pyramid, layout_basic, serial_shops, shop
D:2:      minmay_general_purpose_star, layout_loops_ring,
          minmay_close_crescents, uniq_sigmund
D:3:      layout_rooms, tgw_kikubaaqudgha
D:4:      layout_gridville, general_overflow_altar, item_on_display_a
D:5:      layout_gridville, serial_shops, nicolae_diamond_shop,
          grunt_ministairs_14
D:6:      layout_gridville, serial_shops, nicolae_shop_waterfront, uniq_pikel
D:7:      layout_cave_pods, minmay_temple_entry_grid,
          amcnicky_mini_corridor_feature, minmay_misc_feat_rows,
          hangedman_misty_isle
D:8:      layout_loops_ring, minmay_the_grid_2x2 [minmay_the_grid_broken_lines,
          minmay_the_grid_dragon_a, minmay_the_grid_large_cup,
          minmay_the_grid_prize_diamond_cup]
Temple:   mainiacjoe_temple_big_plus

Skill      XL: |  1  2  3  4  5  6  7  8  9 10 |
---------------+-------------------------------+-----
Long Blades    | 4 6 8 9 10 12 13 | 13.1
Dodging        | 3 4 5 6 |  6.7
Fighting       | 4 6 7 |  7.6
Throwing       | |  1.7

Action                     |  1- 3 |  4- 6 |  7- 9 | 10-12 || total
---------------------------+-------+-------+-------+-------++-------
  Melee: Long sword        |   104 |   129 |   210 |    52 ||   495
         Tailslap          |     8 |    13 |    41 |    17 ||    79
         Punch             |     1 |     1 |     2 |     3 ||     7
         Lance             |       |       |       |    19 ||    19
         Scimitar          |       |       |       |     9 ||     9
  Throw: Throwing net      |       |     3 |     2 |       ||     5
         Javelin           |       |     1 |       |       ||     1
Ability: Breathe Steam     |       |       |    26 |     5 ||    31
    Use: Scroll            |       |     6 |     6 |       ||    12
         Potion            |       |       |     1 |     2 ||     3
   Stab: Sleeping          |     3 |     2 |       |       ||     5
         Held in net/web   |       |       |     2 |       ||     2
 Armour: Skin              |    46 |    49 |    62 |     6 ||   163
  Dodge: Dodged            |    92 |    75 |   236 |    61 ||   464
  Block: Other             |       |       |    10 |    16 ||    26

Table legend: (Time is in decaauts)
 A = Elapsed time spent in this place.
 B = Non-inter-level travel time spent in this place.
 C = Inter-level travel time spent in this place.
 D = Time resting spent in this place.
 E = Time spent auto-exploring this place.
 F = Levels seen in this place.
 G = Mean time per level.
                   A        B        C        D        E       F      G
               +--------+--------+--------+--------+--------+-----+--------+
         Total |   6893 |   6664 |    229 |      0 |   5251 |   9 |  765.9 |
       Dungeon |   6566 |   6374 |    192 |      0 |   4974 |   8 |  820.8 |
        Temple |    326 |    289 |     37 |      0 |    277 |   1 |  326.0 |
               +--------+--------+--------+--------+--------+-----+--------+

Top non-repeatable levels by time:
     D:7: 1401 daAuts
     D:5: 1065 daAuts
     D:2: 951 daAuts
     D:6: 924 daAuts
     D:1: 890 daAuts
     D:3: 569 daAuts
     D:4: 489 daAuts
  Temple: 326 daAuts
     D:8: 274 daAuts
